 Dungeon Crawl Stone Soup version 0.31-a0-1370-gf52a5a9ab3 (webtiles) character file.

Game seed: 1523570345538494398

80 graki42 the Conjurer (level 4, -9/24 HPs)
             Began as a Deep Elf Conjurer on Dec 23, 2023.
             Mangled by Sigmund
             ... wielding a +0 scythe
              (11 damage)
             ... on level 2 of the Dungeon.
             The game lasted 00:04:35 (1291 turns).

graki42 the Conjurer (Deep Elf Conjurer)            Turns: 1291, Time: 00:04:36

Health: -9/24      AC:  2    Str:  6    XL:     4   Next: 18%
Magic:  0/12       EV: 12    Int: 23    God:
Gold:   43         SH:  0    Dex: 13    Spells: 0/11 levels left

rFire   . . .        j - +2 whip (venom)
rCold   . . .        (no shield)
rNeg    . . .        a - +0 robe
rPois   .            (no helmet)
rElec   .            (no cloak)
rCorr   .            (no gloves)
SInv    .            (no boots)
Will    .....        (no amulet)
Stlth   ++           (no ring)
HPRegen 0.24/turn    (no ring)
MPRegen 0.13/turn

%: no passive effects
@: no status effects
A: no striking features
a: no special abilities


You were on level 2 of the Dungeon.
You visited 1 branch of the dungeon, and saw 2 of its levels.

You collected 43 gold pieces.

Inventory:

Hand Weapons
 f - a +1 dagger of protection
 j - a +2 whip of venom (weapon)
Armour
 a - a +0 robe (worn)
Jewellery
 k - the amulet of Elemental Vulnerability {rPois rF-- rC-- AC+8}
   (You found it on level 2 of the Dungeon)

   [amulet of nothing]

   AC+8:      It affects your AC (+8).
   rF--:      It makes you very vulnerable to fire.
   rC--:      It makes you very vulnerable to cold.
   rPois:     It protects you from poison
Scrolls
 e - a scroll of acquirement {unknown}
 g - a scroll of identify {unknown}
 h - a scroll of teleportation {unknown}
Potions
 b - a potion of magic
 c - a potion of might {unknown}
 d - 2 potions of curing {unknown}
 i - a potion of mutation {unknown}
 l - a potion of ambrosia {unknown}


   Skills:
 - Level 3.0 Dodging
 - Level 3.0 Stealth
 + Level 4.4 Spellcasting
 + Level 5.2 Conjurations
 + Level 0.0 Translocations
 + Level 0.0 Alchemy


You couldn't memorise any spells.
You knew the following spells:

 Your Spells              Type           Power      Damage    Failure   Level
a - Magic Dart            Conj           100%       1d8       1%          1
b - Searing Ray           Conj           58%        2d6       1%          2
c - Fulminant Prism       Conj/Alch      8%         3d6       32%         4
d - Iskenderun's Mystic   Conj/Tloc      17%        2d5       34%         4

Your spell library contained the following spells:

 Spells                   Type           Power      Damage    Failure   Level
 Blink                    Tloc           10%        N/A       16%         2
 Call Imp                 Summ           10%        N/A       16%         2
 Ensorcelled Hibernation  Hex/Ice        10%        N/A       16%         2
 Fugue of the Fallen      Necr           5%         N/A       30%         3
 Anguish                  Hex/Necr       2%         N/A       69%         4


Dungeon Overview and Level Annotations

Branches:
Dungeon (2/15)

Altars:

Annotations:
D:2 Sigmund


Message History

The kobold misses you.
You closely miss the kobold. The kobold closely misses you.
Sigmund gestures at you while chanting. The magic dart hits you.
You hit the kobold.
You kill the kobold!
Sigmund gestures wildly while chanting.
Sigmund flickers and vanishes!
Deactivating autopickup; reactivate with Ctrl-A.
Casting: Magic Dart (safe; 1% risk of failure)
Confirm with . or Enter, or press ? or * to list all spells.
Aiming: Searing Ray (safe; 1% risk of failure)
Press: ? - help, Shift-Dir - straight line (Press . to maintain the ray.) Unknown command.
The searing ray hits something but does no damage.
Something hits you but does no damage.
You finish channelling your searing ray.
Something hits you.
Casting: Searing Ray (safe; 1% risk of failure)
Confirm with . or Enter, or press ? or * to list all spells.
Aiming: Searing Ray (safe; 1% risk of failure)
Press: ? - help, Shift-Dir - straight line The searing ray hits something. (Press . to maintain the ray.) Unknown command.
The searing ray hits something.
Something hits you!
* * * LOW HITPOINT WARNING * * *
Something hits you.
* * * LOW HITPOINT WARNING * * *
The searing ray hits something.
You finish channelling your searing ray.
Casting: Searing Ray (safe; 1% risk of failure)
Confirm with . or Enter, or press ? or * to list all spells.
Aiming: Searing Ray (safe; 1% risk of failure)
Press: ? - help, Shift-Dir - straight line (Press . to maintain the ray.)
Something hits you but does no damage.
The searing ray hits something!
Something hits you!
You die...

###. ..... #.#
...#.####.#
........#.#
#.#......####
#.#.##.##...
#...#@#.#.#
###.#.)#.###..#
....{...## ##.#
###.#..#.###..#
#..##.....#
#.........####
#.##.........#
#.###...####.#
#....).....#.#


There were no monsters in sight!

Vanquished Creatures
  Natasha (D:2)
  An adder (D:2)
  A dart slug (D:1)
  2 endoplasms (D:1)
  3 giant cockroaches
  3 goblins
  7 hobgoblins
  A jackal (D:1)
  A quokka (D:1)
  8 ball pythons
  3 bats
  2 frilled lizards
  6 kobolds
  4 rats (D:1)
43 creatures vanquished.

Notes
Turn   | Place    | Note
-------+----------+-------------------------------------------
     0 | D:1      | graki42 the Deep Elf Conjurer began the quest for the Orb.
     0 | D:1      | Reached XP level 1. HP: 10/10 MP: 6/6
   180 | D:1      | Reached XP level 2. HP: 15/15 MP: 4/8
   183 | D:1      | Learned a level 2 spell: Searing Ray
   342 | D:1      | Found a faded altar of an unknown god.
   717 | D:1      | Reached XP level 3. HP: 19/19 MP: 6/10
  1094 | D:2      | Noticed Natasha
  1096 | D:2      | Killed Natasha
  1097 | D:2      | Reached skill level 5 in Conjurations
  1097 | D:2      | Reached XP level 4. HP: 18/24 MP: 8/12
  1102 | D:2      | Learned a level 4 spell: Fulminant Prism
  1107 | D:2      | Learned a level 4 spell: Iskenderun's Mystic Blast
  1185 | D:2      | Found the amulet of Elemental Vulnerability {rPois rF--
                  | rC-- AC+8}
  1277 | D:2      | Noticed Sigmund
  1288 | D:2      | HP: 1/24 [something (1)]
  1291 | D:2      | Mangled by Sigmund

Illustrated notes

Levels and vault maps discovered:
D:1:      spicycebolla_green_bress_n_ham, layout_rooms,
          chequers_ecumenical_altar_simple_redux, minmay_tall_x
D:2:      layout_loops_ring, uniq_sigmund, uniq_natasha

Skill      XL: |  1  2  3 |
---------------+----------+-----
Stealth        | 3 |  3.0
Dodging        | 3 |  3.0
Spellcasting   | 4 |  4.4
Conjurations   | 5 |  5.2

Action                     |  1- 3 |  4- 6 || total
---------------------------+-------+-------++-------
  Melee: Dagger            |    22 |       ||    22
         Whip              |     1 |     5 ||     6
   Cast: Magic Dart        |    57 |     6 ||    63
         Searing Ray       |     3 |     3 ||     6
   Stab: Sleeping          |     1 |       ||     1
 Armour: Robe              |    14 |     8 ||    22
  Dodge: Dodged            |    25 |     4 ||    29

Table legend: (Time is in decaauts)
 A = Elapsed time spent in this place.
 B = Non-inter-level travel time spent in this place.
 C = Inter-level travel time spent in this place.
 D = Time resting spent in this place.
 E = Time spent auto-exploring this place.
 F = Levels seen in this place.
 G = Mean time per level.
                   A        B        C        D        E       F      G
               +--------+--------+--------+--------+--------+-----+--------+
         Total |   1290 |   1274 |     16 |      0 |   1084 |   2 |  645.0 |
       Dungeon |   1290 |   1274 |     16 |      0 |   1084 |   2 |  645.0 |
               +--------+--------+--------+--------+--------+-----+--------+

Top non-repeatable levels by time:
     D:1: 1000 daAuts
     D:2: 290 daAuts
